 Dungeon Crawl Stone Soup version 0.32-a0-834-geaf45d8e21 (webtiles) character file.

Game seed: 8252996333266773972

2928 Griffin23 the Carver (level 9, 0/82 HPs)
             Began as a Minotaur Fighter on Mar 26, 2024.
             Was a Priest of Trog.
             Succumbed to a gnoll sergeant's poison
             ... on level 7 of the Dungeon.
             The game lasted 00:17:21 (8222 turns).

Griffin23 the Carver (Minotaur Fighter)             Turns: 8222, Time: 00:17:21

Health: 0/82       AC: 15    Str: 26    XL:     9   Next: 50%
Magic:  8/8        EV:  6    Int:  5    God:    Trog [***...]
Gold:   370        SH:  0    Dex:  9    Spells: 8/8 levels left

rFire   . . .        l - +0 great sword
rCold   . . .        (shield currently unavailable)
rNeg    . . .        y - +0 plate armour
rPois   .            n - +0 hat
rElec   .            e - +0 cloak
rCorr   .            (no gloves)
SInv    +            (no boots)
Will    ++...        (no amulet) Stlth
                     z - ring of see invisible
HPRegen 1.33/turn    (no ring)
MPRegen 0.11/turn

%: no passive effects
@: lethally poisoned (0 -> -5), strong-willed (expiring), on berserk cooldown,
regenerating (expiring), slowed, invisible, very slow
A: horns 2, retaliatory headbutt
a: Renounce Religion, Berserk, Trog's Hand


You were on level 7 of the Dungeon.
You worshipped Trog.
Trog was most pleased with you.
You visited 1 branch of the dungeon, and saw 7 of its levels.
You also visited: Bailey.

You collected 370 gold pieces.

Inventory:

Hand Weapons
 a - a +0 long sword
 l - a +0 great sword (weapon)
Missiles
 C - 18 boomerangs (quivered)
Armour
 b - a +0 scale mail
 c - a +0 buckler
 e - a +0 cloak (worn)
 n - a +0 hat (worn)
 t - a +0 chain mail
 y - a +0 plate armour (worn)
Jewellery
 z - a ring of see invisible (left hand)
 B - an amulet of reflection
Wands
 u - a wand of iceblast (9)
 w - a wand of flame (21)
 A - a wand of paralysis (12)
Scrolls
 d - 3 scrolls of poison
 j - a scroll of silence
 k - a scroll of enchant weapon
 o - a scroll of butterflies {unknown}
 r - a scroll of vulnerability {unknown}
 s - 2 scrolls of blinking {unknown}
 v - a scroll of torment {unknown}
 F - a scroll of teleportation {unknown}
 G - a scroll of acquirement {unknown}
Potions
 g - a potion of resistance {unknown}
 h - 3 potions of mutation
 p - 2 potions of invisibility
 q - a potion of attraction {unknown}
 x - 2 potions of heal wounds {unknown}
 D - 3 potions of magic {unknown}
 E - a potion of brilliance {unknown}


   Skills:
 + Level 8.7 Fighting
 * Level 11.2 Long Blades
 + Level 8.8 Armour
 - Level 4.1 Shields


You had 8 spell levels left.
You didn't know any spells.
Your spell library was empty.

Dungeon Overview and Level Annotations

Branches:
Dungeon (7/15)             Temple (0/1) D:6          Bailey (visited)

Altars:
Cheibriados
Trog
Xom

Shops:
D:1 (   D:6 !(


Innate Abilities, Weirdness & Mutations

You have a pair of horns on your head.
You reflexively headbutt those who attack you in melee.


Message History

* * * LOW HITPOINT WARNING * * *
The wolf barely misses you.
You feel better. The wolf bites you but does no damage.
The gnoll sergeant hits you from afar with a +0 trident of venom.
* * * LOW HITPOINT WARNING * * *
You are poisoned.
The wolf bites you.
* * * LOW HITPOINT WARNING * * *
The wolf bites you but does no damage.
The gnoll sergeant hits you but does no damage.
You are lethally poisoned!
You feel better. The wolf barely misses you.
The gnoll sergeant hits you from afar with a +0 trident of venom.
* * * LOW HITPOINT WARNING * * *
The wolf bites you but does no damage.
As you read the scroll labelled SISU IRURHIYCW, it crumbles to dust.
You hear a loud clanging noise!
It was a scroll of noise.
You hear a shout! x2; You hear a bark!
You hear an angry hiss.
The wolf bites you but does no damage. x2
The gnoll sergeant closely misses you.
The gnoll bouda calls upon its god to heal the gnoll sergeant.
The gnoll sergeant is healed somewhat.
The wolf barely misses you. You furiously retaliate!
You headbutt the wolf!
The gnoll sergeant hits you but does no damage.
You are poisoned.
Your skin crawls.
You feel strong-willed.
You feel sick.
The gnoll sergeant is no longer moving quickly.
The wolf completely misses you. The gnoll hits you but does no damage.
The wolf bites you!
* * * LOW HITPOINT WARNING * * *
The gnoll sergeant hits you but does no damage.
You are lethally poisoned!
The gnoll hits you but does no damage. The wolf barely misses you.
It was a potion of invisibility.
You fade into invisibility!
You feel the effects of Trog's Hand fading.
You die...

#############
#............
#............
######...#########
#.......##
###..######
#...########
#.ß@#g.....#
#.gh#≈≈≈≈≈≈.
#..gg.......
#......?....
#...#≈≈≈≈≈≈.
#.ß.#......#
#...######## #....
##...


You could see a gnoll sergeant (unable to see you), a wolf, a gnoll bouda
(unable to see you) and a gnoll (swift, unable to see you).

Vanquished Creatures
  Eustachio (D:4)
  Menkaure (D:4)
  A steam dragon (D:6)
  2 water moccasins
  2 ice beasts
  4 orc warriors (Bailey)
  A sky beast (D:7)
  3 ogres
  A black bear (D:6)
  2 phantoms
  A bullfrog (D:7)
  2 sleepcaps
  5 orc priests
  6 bombardier beetles
  4 hounds
  3 jellies
  3 iguanas
  Terence (D:3)
  A gnoll bouda (D:7)
  3 orc wizards
  10 gnolls
  8 adders
  A shadow imp (D:6)
  A white imp (D:6)
  3 ufetubi (D:6)
  The ghost of Jigsaw the Covert, a weakling GnDe (D:4)
  3 dart slugs
  A ribbon worm (D:3)
  20 orcs
  3 endoplasms
  16 goblins
  9 hobgoblins
  12 jackals
  3 quokkas
  8 ball pythons
  6 bats
  A frilled lizard (D:1)
  17 kobolds
  9 rats
179 creatures vanquished.

Vanquished Creatures (others)
  An orc wizard (D:5)
  An ufetubus (D:6)
2 creatures vanquished.

Grand Total: 181 creatures vanquished

Notes
Turn   | Place    | Note
-------+----------+-------------------------------------------
     0 | D:1      | Griffin23 the Minotaur Fighter began the quest for the Orb.
     0 | D:1      | Reached XP level 1. HP: 19/19 MP: 0/0
    59 | D:1      | Found a faded altar of an unknown god.
    84 | D:1      | Reached XP level 2. HP: 23/27 MP: 1/1
   331 | D:1      | Reached skill level 3 in Long Blades
   380 | D:1      | Found Dynaac's Antique Weapon Shop.
   581 | D:1      | Reached XP level 3. HP: 31/33 MP: 2/2
   783 | D:2      | Found a bloodstained altar of Trog.
   803 | D:2      | Became a worshipper of Trog the Wrathful
   855 | D:2      | You fall into a shaft and drop 2 floors!
   880 | D:4      | Noticed a phantom
   894 | D:4      | Killed a phantom
   895 | D:4      | Reached skill level 4 in Long Blades
   895 | D:4      | Reached XP level 4. HP: 41/41 MP: 3/3
   918 | D:4      | Reached XP level 5. HP: 44/47 MP: 4/4
   953 | D:4      | Noticed Jigsaw's ghost (weakling GnDe)
  1315 | D:3      | Reached skill level 5 in Fighting
  1315 | D:3      | Reached skill level 5 in Long Blades
  1315 | D:3      | Reached skill level 5 in Armour
  1317 | D:3      | Reached XP level 6. HP: 13/56 MP: 5/5
  1881 | D:2      | Reached * piety under Trog
  2320 | D:3      | Noticed Terence
  2325 | D:3      | Killed Terence
  2346 | D:3      | Found a snail-covered altar of Cheibriados.
  2934 | D:4      | Noticed Menkaure
  3360 | D:4      | Killed Menkaure
  3361 | D:4      | Reached skill level 6 in Long Blades
  3422 | D:4      | Reached XP level 7. HP: 49/62 MP: 6/6
  3623 | D:4      | Noticed Eustachio
  3630 | D:4      | Killed Eustachio
  3631 | D:4      | Reached skill level 7 in Long Blades
  3835 | D:4      | Found a runed translucent gate.
  3835 | D:4      | Found a runed translucent gate.
  3835 | D:4      | Found a runed translucent gate.
  3843 | D:4      | Reached ** piety under Trog
  4175 | D:4      | Killed Jigsaw's ghost
  4436 | D:5      | Entered Level 5 of the Dungeon
  4458 | D:4      | Reached skill level 8 in Long Blades
  4458 | D:4      | Reached XP level 8. HP: 8/71 MP: 7/7
  5129 | D:5      | Reached skill level 9 in Long Blades
  6092 | D:6      | Found a staircase to the Ecumenical Temple.
  6398 | D:6      | Reached *** piety under Trog
  6479 | D:6      | Reached skill level 10 in Long Blades
  6612 | D:6      | Reached XP level 9. HP: 48/81 MP: 8/8
  6868 | D:6      | Found Zoroun's Weapon Emporium.
  6898 | D:6      | Found Zait's Distillery.
  6949 | D:6      | Found a shimmering altar of Xom.
  7413 | D:7      | Found a flagged portal.
  7427 | Bailey   | Entered a bailey
  7432 | Bailey   | Noticed an orc warlord
  7726 | Bailey   | Found a runed translucent gate.
  7728 | Bailey   | Found a runed translucent gate.
  7730 | Bailey   | Found a runed translucent gate.
  7738 | Bailey   | Reached skill level 11 in Long Blades
  8100 | D:7      | Reached **** piety under Trog
  8221 | D:7      | HP: 3/82 [wolf (8)]
  8222 | D:7      | Succumbed to a gnoll sergeant's poison

Illustrated notes

Levels and vault maps discovered:
D:1:      kennysheep_arrival_forest, layout_loops_ring,
          chequers_ecumenical_altar_simple, serial_shops, shop, st_stairs_13
D:2:      layout_loops_ring, basic_altar
D:3:      layout_loops_corners, mainiacjoe_overflow_24_doors, uniq_terence
D:4:      layout_rooms, chequers_ossuary_entry_cave, gammafunk_ghost_split,
          minmay_unequal, uniq_menkaure, uniq_eustachio
D:5:      layout_loops_ring
D:6:      layout_gridville, kennysheep_mini_moat,
          minmay_temple_entry_statues_fountains, serial_shops,
          nicolae_shop_industrial_runoff, shop, minmay_door_square
D:7:      layout_cave_pools, kennysheep_mini, serial_gnoll_camp,
          gnoll_camp_huts_moat, gnoll_camp_mini_hut, gnoll_camp_mini_hut,
          gnoll_camp_mini_hut, gnoll_camp_medium_01, gnoll_camp_mini_hut,
          enter_bailey_2

Skill      XL: |  1  2  3  4  5  6  7  8  9 |
---------------+----------------------------+-----
Fighting       | 4 5 6 7 8 |  8.7
Armour         | 4 5 6 8 |  8.8
Long Blades    | 3 4 5 6 8 10 11 | 11.2
Shields        | 4 |  4.1

Action                     |  1- 3 |  4- 6 |  7- 9 || total
---------------------------+-------+-------+-------++-------
  Melee: Long sword        |    73 |    77 |       ||   150
         Headbutt          |     5 |    16 |    58 ||    79
         Great sword       |       |    35 |   307 ||   342
 Invoke: Berserk           |       |     1 |     4 ||     5
         Trog's Hand       |       |       |     1 ||     1
    Use: Potion            |       |     1 |     6 ||     7
         Scroll            |       |       |     6 ||     6
 Armour: Scale mail        |    66 |   146 |       ||   212
         Chain mail        |       |     6 |   145 ||   151
         Plate armour      |       |       |   227 ||   227
  Dodge: Dodged            |    33 |    54 |   172 ||   259
  Block: Buckler           |    24 |       |       ||    24

Table legend: (Time is in decaauts)
 A = Elapsed time spent in this place.
 B = Non-inter-level travel time spent in this place.
 C = Inter-level travel time spent in this place.
 D = Time resting spent in this place.
 E = Time spent auto-exploring this place.
 F = Levels seen in this place.
 G = Mean time per level.
                   A        B        C        D        E       F      G
               +--------+--------+--------+--------+--------+-----+--------+
         Total |   8399 |   7709 |    690 |   1628 |   4639 |   8 | 1049.9 |
       Dungeon |   7834 |   7144 |    690 |   1584 |   4332 |   7 | 1119.1 |
        Bailey |    564 |    564 |      0 |     43 |    306 |   1 |  564.0 |
               +--------+--------+--------+--------+--------+-----+--------+

Top non-repeatable levels by time:
     D:3: 1921 daAuts
     D:6: 1583 daAuts
     D:4: 1355 daAuts
     D:1: 991 daAuts
     D:5: 895 daAuts
     D:2: 729 daAuts
  Bailey: 564 daAuts
     D:7: 357 daAuts
